 Dungeon Crawl Stone Soup version 0.31-a0-844-gdc52ec4e09 (webtiles) character file.

Game seed: 15763704012767148635

287 Dirtsage the Chopper (level 6, 47/47 HPs)
             Began as a Demonspawn Berserker on Sept 28, 2023.
             Was a Follower of Trog.
             Quit the game on level 3 of the Dungeon.
             The game lasted 00:02:52 (1532 turns).

Dirtsage the Chopper (Demonspawn Berserker)         Turns: 1532, Time: 00:02:53

Health: 47/47      AC:  4    Str: 19    XL:     6   Next: 8%
Magic:  6/6        EV: 11    Int:  9    God:    Trog [*.....]
Gold:   208        SH:  4    Dex: 12    Spells: 5/5 levels left

rFire   . . .        p - +0 war axe (freeze)
rCold   . . .        (no shield)
rNeg    . . .        b - +0 troll leather armour {Pargi}
rPois   .            (no helmet)
rElec   .            (no cloak)
rCorr   .            k - +0 pair of gloves
SInv    .            (no boots)
Will    .....        (no amulet)
Stlth   +            (no ring)
HPRegen 1.07/turn    (no ring)
MPRegen 0.10/turn

%: no passive effects
@: no status effects
A: spiny 1, condensation shield, weakness stinger 2
a: Renounce Religion, Berserk


You were on level 3 of the Dungeon.
You worshipped Trog.
Trog was aware of your devotion.
You visited 1 branch of the dungeon, and saw 3 of its levels.

You collected 208 gold pieces.

Inventory:

Hand Weapons
 p - a +0 war axe of freezing (weapon)
Armour
 b - a +0 troll leather armour (worn) {Pargi}
 k - a +0 pair of gloves (worn)
 n - a +2 leather armour of willpower
Scrolls
 c - 5 scrolls of identify {unknown}
 d - 3 scrolls of teleportation {unknown}
 e - a scroll of vulnerability {unknown}
 l - a scroll of revelation {unknown}
 m - a scroll of acquirement {unknown}
Potions
 a - a potion of curing {unknown}
 f - a potion of resistance {unknown}
 g - a potion of brilliance {unknown}
 h - 3 potions of mutation {unknown}
 i - a potion of haste {unknown}
 j - a potion of degeneration {unknown}
 o - a potion of magic {unknown}


   Skills:
 - Level 3.0 Fighting
 + Level 6.3 Axes
 - Level 1.7 Armour
 - Level 1.7 Dodging


You had 5 spell levels left.
You didn't know any spells.
Your spell library contained the following spells:

 Spells                   Type           Power      Damage    Failure   Level
 Ozocubu's Armour         Ice            0%         N/A       82%         3
 Metabolic Englaciation   Hex/Ice        0%         N/A       100%        5
 Simulacrum               Ice/Necr       0%         N/A       100%        6


Dungeon Overview and Level Annotations

Branches:
Dungeon (3/15)

Altars:

Shops:
D:3 :


Innate Abilities, Weirdness & Mutations

You are partially covered in sharp spines.
A meltable shield of frost defends you. (SH +4)
You have a tail ending in a sharp stinger.


Message History

Okay, then.
There is a stone staircase leading down here.
An orc comes into view. It is wielding a +0 club.
The orc shouts!
The orc hits you with a +0 club.
You take 3 damage, and have 38/41 hp.
You hit the orc. You freeze the orc.
You kill the orc!
Trog accepts your kill.
No target in view!
No target in view!
Things that are here:
a +0 club; a +0 leather armour You now have 208 gold pieces (gained 15).
Found a stone staircase leading down.
Health restored: 41 A frilled lizard comes into view.
The frilled lizard hisses angrily.
A frilled lizard is nearby!
The frilled lizard is struck by your spines.
You kill the frilled lizard!
Trog accepts your kill.
A phantom comes into view.
You slash the phantom!
The phantom is moderately damaged.
The phantom barely misses you.
You hit the phantom. You tail-slap the phantom.
The phantom is severely damaged.
The phantom is struck by your spines. The phantom hits you.
You take 1 damage, and have 40/41 hp.
You hit the phantom.
You destroy the phantom!
Trog accepts your kill.
Your Axes skill increases to level 6!
You have reached level 6!
Your demonic ancestry asserts itself...
Frost condenses into a shield before you.
Health restored: 47; MP restored: 6 Unknown command.
Are you sure you want to abandon this character and quit the game? (Confirm with "yes".)

#.# #.# #.##..#....) ..#
##.# #.......##.# ###
#... ####.......# #...
####.#####)# #... #....
#... ###...##### #>.# #
#...
..........###..####.#...
.......†.......#........
.......@..###..#.##.#...
###...##### #..#.##.#...
#.. #.......#... #.
##.#.####### # #....#
#.#..# #.#..# #....# ###
####.####..


There were no monsters in sight!

Vanquished Creatures
  Pargi (D:3)
  A phantom (D:3)
  An orc priest (D:3)
  Terence (D:2)
  2 adders (D:2)
  2 dart slugs (D:2)
  4 orcs (D:3)
  3 ball pythons
  4 endoplasms
  2 giant cockroaches
  4 goblins
  2 hobgoblins
  2 quokkas
  2 bats (D:1)
  4 frilled lizards
  A kobold (D:1)
  5 rats
41 creatures vanquished.

Notes
Turn   | Place    | Note
-------+----------+-------------------------------------------
     0 | D:1      | Dirtsage the Demonspawn Berserker began the quest for the
                  | Orb.
     0 | D:1      | Reached XP level 1. HP: 18/18 MP: 1/1
    61 | D:1      | Reached skill level 3 in Axes
   223 | D:1      | Gained mutation: You have a small tail. [demonic ancestry]
   223 | D:1      | Reached XP level 2. HP: 18/24 MP: 2/2
   719 | D:2      | Noticed Terence
   728 | D:2      | Killed Terence
   729 | D:2      | Reached skill level 4 in Axes
   729 | D:2      | Reached XP level 3. HP: 22/29 MP: 3/3
   975 | D:2      | Gained mutation: You are partially covered in sharp spines.
                  | [demonic ancestry]
   975 | D:2      | Reached XP level 4. HP: 35/35 MP: 4/4
  1181 | D:2      | Reached ** piety under Trog
  1393 | D:3      | Found Xoipten's Book Shop.
  1398 | D:3      | Noticed Pargi
  1406 | D:3      | Killed Pargi
  1407 | D:3      | Reached skill level 5 in Axes
  1407 | D:3      | Gained mutation: You have a tail ending in a sharp stinger.
                  | [demonic ancestry]
  1407 | D:3      | Reached XP level 5. HP: 41/41 MP: 5/5
  1527 | D:3      | Noticed a phantom
  1531 | D:3      | Killed a phantom
  1532 | D:3      | Reached skill level 6 in Axes
  1532 | D:3      | Gained mutation: A meltable shield of frost defends you.
                  | (SH +4) [demonic ancestry]
  1532 | D:3      | Reached XP level 6. HP: 47/47 MP: 6/6
  1532 | D:3      | Quit the game

Illustrated notes

Levels and vault maps discovered:
D:1:      minmay_arrival_doors, layout_basic
D:2:      layout_rooms, dk_noncrumbling_4, minmay_split_cup_large, uniq_terence
D:3:      layout_loops_cross, serial_shops, shop_statue,
          hellmonk_ecumenical_altar_heavens_door, minmay_crystal_room,
          uniq_ijyb, uniq_crazy_yiuf_cottage, uniq_pargi

Skill      XL: |  1  2  3  4  5 |
---------------+----------------+-----
Axes           | 3 4 5 6 |  6.3
Fighting       | |  3.0
Armour         | |  1.7
Dodging        | |  1.7

Action                     |  1- 3 |  4- 6 || total
---------------------------+-------+-------++-------
  Melee: Hand axe          |    64 |     8 ||    72
         Tailslap          |     3 |     2 ||     5
         War axe           |       |    21 ||    21
         Punch             |       |     1 ||     1
 Invoke: Berserk           |     1 |     1 ||     2
   Stab: Sleeping          |     1 |       ||     1
 Armour: Animal skin       |    27 |       ||    27
         Scale mail        |    17 |       ||    17
         Skin              |     1 |       ||     1
         Leather armour    |       |    13 ||    13
         Troll leather arm |       |     2 ||     2
  Dodge: Dodged            |    51 |    18 ||    69

Table legend: (Time is in decaauts)
 A = Elapsed time spent in this place.
 B = Non-inter-level travel time spent in this place.
 C = Inter-level travel time spent in this place.
 D = Time resting spent in this place.
 E = Time spent auto-exploring this place.
 F = Levels seen in this place.
 G = Mean time per level.
                   A        B        C        D        E       F      G
               +--------+--------+--------+--------+--------+-----+--------+
         Total |   1563 |   1508 |     55 |     11 |   1187 |   3 |  521.0 |
       Dungeon |   1563 |   1508 |     55 |     11 |   1187 |   3 |  521.0 |
               +--------+--------+--------+--------+--------+-----+--------+

Top non-repeatable levels by time:
     D:1: 695 daAuts
     D:2: 622 daAuts
     D:3: 245 daAuts
